 Dungeon Crawl Stone Soup version 0.31.0-9-g3a7656b989 (webtiles) character file.

Game seed: 7364317843319486110

41843 Bnni the Bewitcher (level 14, -6/99 HPs)
             Began as a Formicid Hexslinger on Jan 29, 2024.
             Was a High Priest of Hepliaklqana.
             Killed from afar by a fire dragon (27 damage)
             ... with a blast of flame
             ... on level 15 of the Dungeon.
             The game lasted 00:41:41 (15113 turns).

Bnni the Bewitcher (Formicid Hexslinger)           Turns: 15113, Time: 00:41:41

Health: -6/99      AC: 15    Str: 12    XL:     14   Next: 52%
Magic:  10/22      EV: 16    Int: 15    God:    Hepliaklqana [*****.]
Gold:   1118       SH:  0    Dex: 20    Spells: 3/23 levels left

rFire   + . .        a - +0 orcbow
rCold   . . .        (no shield)
rNeg    . . .        F - +2 robe {rF+}
rPois   .            (helmet unavailable)
rElec   .            y - +0 cloak
rCorr   .            s - +0 pair of gloves
SInv    +            g - +0 pair of boots
Will    +....        z - amulet of regeneration
Stlth   ++           r - +4 ring of protection
HPRegen 1.16/turn    o - +4 ring of protection
MPRegen 0.18/turn

%: no passive effects
@: very slightly contaminated
A: reduced essence, permanent stasis, dig shafts and tunnels, antennae 3, four
strong arms
a: Dig, Shaft Self, Renounce Religion, Recall Ancestor, Ancestor Identity,
Transference, Idealise


You were on level 15 of the Dungeon.
You worshipped Hepliaklqana.
Hepliaklqana was extremely pleased with you.
You visited 2 branches of the dungeon, and saw 16 of its levels.
You also visited: Sewer.

You collected 1118 gold pieces.

Inventory:

Hand Weapons
 a - a +0 orcbow (weapon)
 i - a +0 short sword of electrocution
 L - a +2 spear of venom
Missiles
 k - 40 poisoned darts
Armour
 g - a +0 pair of boots (worn)
 s - a +0 pair of gloves (worn)
 t - the +1 robe of Dyinuun {rPois Will- SInv}
   (You found it on level 4 of the Dungeon)

   rPois:     It protects you from poison Will-: It decreases your willpower.
   SInv:      It lets you see invisible.
 y - a +0 cloak (worn)
 F - a +2 robe of fire resistance (worn)
 G - a +0 leather armour of cold resistance
 J - a +0 kite shield
 T - a +2 buckler
Jewellery
 h - a ring of protection from cold
 o - a +4 ring of protection (right hand)
 r - a +4 ring of protection (left hand)
 z - an amulet of regeneration (around neck)
 A - a ring of flight
 E - a ring of protection from fire
 O - a ring of resist corrosion
Wands
 m - a wand of polymorph (7)
 x - a wand of charming (34)
 M - a wand of quicksilver (8)
 N - a wand of iceblast (6)
Scrolls
 b - 2 scrolls of poison
 c - 2 scrolls of amnesia
 e - a scroll of fog
 f - 3 scrolls of brand weapon
 p - 6 scrolls of enchant armour
 v - 3 scrolls of enchant weapon
 B - 3 scrolls of fear
 I - 4 scrolls of vulnerability
 S - a scroll of torment {unknown}
Potions
 d - 3 potions of heal wounds
 j - 2 potions of attraction {unknown}
 l - 2 potions of haste {unknown}
 n - 7 potions of enlightenment
 q - 7 potions of curing
 u - 3 potions of might {unknown}
 w - a potion of ambrosia
 C - 4 potions of cancellation {unknown}
 D - 5 potions of magic
 H - 2 potions of mutation {unknown}
 K - 2 potions of berserk rage {unknown}
 Q - 2 potions of brilliance {unknown}
 R - a potion of lignification {unknown}


   Skills:
 + Level 10.4 Fighting
 * Level 13.5 Ranged Weapons
 + Level 6.1 Dodging
 - Level 5.0 Spellcasting
 + Level 15.5 Hexes
 - Level 2.0 Translocations
 - Level 1.0 Fire Magic
 * Level 11.7 Invocations


You had 3 spell levels left.
You knew the following spells:

 Your Spells              Type           Power      Damage    Failure   Level
a - Jinxbite              Hex            100%       N/A       1%          2
b - Dimensional Bullseye  Hex/Tloc       15%        N/A       4%          4
c - Inner Flame           Hex/Fire       28%        N/A       1%          3
d - Cause Fear            Hex            25%        N/A       1%          4
e - Anguish               Hex/Necr       13%        N/A       7%          4
g - Sigil of Binding      Hex            50%        N/A       1%          3

Your spell library contained the following spells:

 Spells                   Type           Power      Damage    Failure   Level
 Ensorcelled Hibernation  Hex/Ice        54%        N/A       1%          2
 Dazzling Flash           Conj/Hex       54%        N/A       1%          3
 Lesser Beckoning         Tloc           18%        N/A       11%         2
 Summon Small Mammal      Summ           12%        N/A       16%         1
 Momentum Strike          Conj/Tloc      12%        3d8       16%         2
 Volatile Blastmotes      Fire/Tloc      16%        2d11      26%         3
 Call Canine Familiar     Summ           3%         N/A       43%         3
 Fugue of the Fallen      Necr           3%         N/A       43%         3
 Mephitic Cloud           Conj/Alch/Air  3%         N/A       43%         3
 Silence                  Hex/Air        13%        N/A       19%         5
 Iskenderun's Mystic Bla  Conj/Tloc      6%         2d4       71%         4
 Ignite Poison            Fire/Alch      5%         N/A       78%         4
 Sticky Flame             Fire/Alch      5%         2d4       78%         4
 Summon Blazeheart Golem  Fire/Summ      5%         N/A       78%         4
 Fulminant Prism          Conj/Alch      1%         3d5       85%         4
 Olgreb's Toxic Radiance  Alch           3%         N/A       85%         4
 Discord                  Hex            25%        N/A       88%         8
 Fireball                 Conj/Fire      2%         3d4       98%         5
 Curse of Agony           Necr           3%         N/A       99%         5
 Ozocubu's Refrigeration  Ice            1%         4d7       100%        7
 Ignition                 Fire           3%         3d4       100%        8
 Dragon's Call            Summ           1%         N/A       100%        9
 Blink                    Tloc           Unusable   N/A       N/A         2

Dungeon Overview and Level Annotations

Branches:
Dungeon (15/15)            Temple (1/1) D:4            Lair (0/5) D:11
    Orc (0/2) D:10         Vaults (0/5) D:13          Sewer (visited)
 Depths: D:15

Altars:
Ashenzari
Cheibriados
Dithmenos
Elyvilon
Fedhas
Gozag
Hepliaklqana
Kikubaaqudgha
Makhleb
Nemelex Xobeh
Okawaru
Qazlal
Ru
Sif Muna
Trog
Uskayaw
Vehumet
Wu Jian
Xom
Yredelemnul
Zin
The Shining One

Shops:
D:7 *   D:10 !   D:13 (

Portals:
Trove: D:11 (give +3 storm dragon scales)


Innate Abilities, Weirdness & Mutations

Your life essence is reduced to manifest your ancestor. (-10% HP)
You cannot be hasted, slowed, berserked, paralysed or teleported.
You can dig through walls and to a lower floor.
You have a pair of large antennae on your head. (SInv)
Your four strong arms can wield two-handed weapons with a shield.


Message History

The arrow closely misses the fire dragon.
The fire dragon bites you!
The fire dragon claws you but does no damage.
The fire dragon tramples you!
You hold your ground!
Unknown command.
You shoot an arrow.
The arrow barely misses the fire dragon.
Unknown command.
You shoot an arrow.
The arrow barely misses the fire dragon.
The fire dragon closely misses you. The fire dragon barely misses you.
The fire dragon tramples you.
* * * LOW HITPOINT WARNING * * *
You hold your ground!
Unknown command.
You shoot an arrow. The arrow hits the fire dragon.
The fire dragon is almost dead.
The fire dragon closely misses you. The fire dragon barely misses you.
The fire dragon tramples you but does no damage.
Unknown command.
You feel better. The fire dragon breathes flames at you.
The blast of flame hits you! You resist.
* * * LOW HITPOINT WARNING * * *
Unknown command.
Aiming: Iceblast
Press: ? - help, Shift-Dir - straight line, p - fire dragon The mass of ice explodes!
The iceblast engulfs the fire dragon!
The fire dragon is frozen!
The fire dragon is almost dead.
The fire dragon completely misses you. The fire dragon claws you.
* * * LOW HITPOINT WARNING * * *
The fire dragon completely misses you.
Aiming: Iceblast
Press: ? - help, Shift-Dir - straight line The mass of ice explodes!
The iceblast engulfs the fire dragon.
The fire dragon is almost dead.
The fire dragon breathes flames at you. The blast of flame hits you!!
You resist.
You die...

..#.....#..##$. #.#..#......
..#.....#'###$. #.#..+......
..'.###.....#..#, #.####......
..#......#..##.., #.####......
..####'#.....##. ### #.#..#......
..##...#......#.##.###.'..#.##...
.(##...#####..#☼○...##.#..#......
..##...# #..#.D8.....#..#......
..##...# #..##@...##.#..#......
..##...# #...##..###.#..#.####.
..##...#####....##.....#..#.<....
..##...##..#.######....#..#......
..# .......#.# ....#..#...... ..#
.......#.# .##.# #.R.... ..#
.......'.####... #.+ #.###..
########+###........ #....(.
............################.....


You could see a fire dragon (catching breath).

Vanquished Creatures
  Jorgrun (D:13)
  Rupert (D:13)
  Frances (D:13)
  Louise (D:15)
  An ice dragon (D:15)
  A rakshasa (D:14)
  An ogre mage (D:15)
  8 vault guards
  A hydra (D:14)
  A centaur warrior (D:14)
  6 two-headed ogres
  Pikel (D:4)
  An orc knight (D:15)
  6 ugly things
  2 manticores
  2 cyclopes
  A gargoyle (D:12)
  Maggie (D:7)
  An unseen horror (D:11)
  A komodo dragon (D:11)
  An efreet (D:15)
  2 freezing wraiths
  A tengu conjurer (D:15)
  2 trolls (D:12)
  A blink frog (shapeshifter) (D:14)
  A centaur simulacrum (D:14)
  5 yaks (D:11)
  2 wraiths (D:11)
  A vampire (D:10)
  A wyvern (D:10)
  A golden eye (shapeshifter) (D:13)
  A vampire mosquito (D:13)
  4 water moccasins
  2 sky beasts
  2 ice beasts (D:6)
  3 ogres (D:15)
  9 orc warriors
  A wolf (D:7)
  9 centaurs
  4 kobold brigands
  2 bullfrogs
  5 gnoll sergeants
  A scorpion (D:7)
  6 wights
  17 killer bees
  6 howler monkeys
  A bombardier beetle (D:8)
  5 hounds
  A jelly (D:4)
  A sleepcap (D:7)
  2 gnoll boudas (D:7)
  Crazy Yiuf (D:5)
  7 orc priests
  2 iguanas
  8 orc wizards
  Ijyb (D:5)
  18 gnolls
  6 adders
  3 river rats
  A shadow imp (D:8)
  2 white imps
  3 ufetubi (D:6)
  A dart slug (D:2)
  A ribbon worm (D:4)
  52 orcs
  8 endoplasms
  A giant cockroach (D:4)
  5 goblins
  7 hobgoblins
  2 jackals (D:7)
  6 ball pythons
  4 bats (D:1)
  A frilled lizard (D:3)
  21 kobolds
  9 rats
309 creatures vanquished.

Vanquished Creatures (collateral kills)
  Erolcha (D:9)
  2 centaur warriors (D:15)
  A boulder beetle (D:13)
  2 two-headed ogres
  A tengu warrior (D:15)
  A deep elf pyromancer (D:15)
  An ugly thing (D:15)
  A cyclops (D:15)
  3 gargoyles
  A komodo dragon (D:12)
  An unseen horror (D:12)
  A tengu conjurer (D:15)
  2 trolls
  A centaur simulacrum (D:12)
  5 yaks (D:11)
  2 wyverns
  A wraith (D:11)
  A vampire mosquito (D:13)
  2 water moccasins
  An ice beast (D:6)
  3 orc warriors
  A centaur (D:15)
  A kobold brigand (D:6)
  A bullfrog (D:6)
  A gnoll sergeant (D:7)
  4 wights
  2 killer bees
  A jelly (D:7)
  3 hounds (D:7)
  3 orc priests
  A sleepcap (D:8)
  5 orc wizards
  11 gnolls
  An adder (D:6)
  An ufetubus (D:6)
  9 orcs
  A jackal (D:7)
  4 kobolds
84 creatures vanquished.

Vanquished Creatures (others)
  A centaur warrior (D:15)
  2 centaurs (D:15)
  An electric eel (D:7)
  9 knights
  2 orc wizards (D:5)
  2 ancestors
17 creatures vanquished.

Grand Total: 410 creatures vanquished

Notes
Turn   | Place    | Note
-------+----------+-------------------------------------------
     0 | D:1      | Bnni the Formicid Hexslinger began the quest for the Orb.
     0 | D:1      | Reached XP level 1. HP: 15/15 MP: 2/2
   219 | D:1      | Reached XP level 2. HP: 21/21 MP: 3/3
   252 | D:1      | Reached skill level 4 in Hexes
   381 | D:1      | Found a faded altar of an unknown god.
   530 | D:1      | Reached XP level 3. HP: 26/26 MP: 5/5
   803 | D:2      | Learned a level 2 spell: Jinxbite
  1628 | D:3      | Found a shimmering blue altar of Sif Muna.
  1727 | D:3      | Reached XP level 4. HP: 33/33 MP: 6/6
  2495 | D:4      | Reached XP level 5. HP: 17/38 MP: 3/8
  2592 | D:4      | Reached skill level 5 in Hexes
  2596 | D:4      | Learned a level 3 spell: Sigil of Binding
  2665 | D:4      | Identified the +1 robe of Dyinuun {rPois Will- SInv}
  2689 | D:4      | Found a staircase to the Ecumenical Temple.
  2697 | Temple   | Entered the Ecumenical Temple
  2711 | Temple   | Became a worshipper of Hepliaklqana the Forgotten
  2745 | D:4      | Noticed a water moccasin
  2895 | D:4      | Killed a water moccasin
  2896 | D:4      | Reached XP level 6. HP: 32/46 MP: 2/9
  2953 | D:4      | Found a glowing drain.
  2958 | Sewer    | Entered a sewer
  2987 | Sewer    | Learned a level 4 spell: Cause Fear
  3117 | Sewer    | Reached XP level 7. HP: 51/51 MP: 9/11
  3136 | Sewer    | Found a white marble altar of Elyvilon.
  3273 | D:4      | Found a sacrificial altar of Ru.
  3388 | D:4      | Found a glowing silver altar of Zin.
  3396 | D:4      | Found an iron altar of Okawaru.
  3458 | D:5      | Entered Level 5 of the Dungeon
  3461 | D:5      | Noticed Pikel
  3494 | D:4      | Killed Pikel
  3495 | D:4      | Reached skill level 5 in Ranged Weapons
  3495 | D:4      | Reached skill level 7 in Hexes
  3495 | D:4      | Reached XP level 8. HP: 46/60 MP: 3/13
  3584 | D:5      | Learned a level 3 spell: Inner Flame
  3772 | D:5      | Noticed Ijyb
  3781 | D:5      | Killed Ijyb
  4066 | D:5      | Reached * piety under Hepliaklqana
  4205 | D:5      | Found a runed translucent door.
  4206 | D:5      | Noticed Crazy Yiuf
  4225 | D:5      | Killed Crazy Yiuf
  4262 | D:5      | Identified the +7 hammer "Ravy" {heavy, +Blink rF+ Str-4
                  | Int+3}
  4412 | D:5      | Found a shimmering altar of Xom.
  4574 | D:6      | Reached skill level 8 in Hexes
  4618 | D:6      | Reached XP level 9. HP: 52/59 MP: 13/15
  4672 | D:6      | Reached ** piety under Hepliaklqana
  4673 | D:6      | Remembered your ancestor Tankster McGee as a knight
  5050 | D:6      | Reached skill level 1 in Invocations
  5116 | D:6      | Reached skill level 5 in Fighting
  5175 | D:6      | Noticed a cyan ugly thing
  5182 | D:6      | Killed a cyan ugly thing
  5183 | D:6      | Reached skill level 9 in Hexes
  5426 | D:6      | Reached skill level 5 in Spellcasting
  5551 | D:7      | Reached XP level 10. HP: 39/66 MP: 13/17
  5742 | D:7      | Noticed Maggie
  5756 | D:7      | Reached skill level 10 in Hexes
  5773 | D:7      | Killed Maggie
  5774 | D:7      | Reached skill level 1 in Translocations
  5890 | D:7      | Found Wavukh's Elemental Accessories.
  6022 | D:7      | Learned a level 4 spell: Dimensional Bullseye
  6424 | D:7      | Noticed a boulder beetle
  6648 | D:7      | Found an ornate altar of the Wu Jian Council.
  6705 | D:8      | Found a snail-covered altar of Cheibriados.
  6867 | D:8      | Reached skill level 11 in Hexes
  6921 | D:8      | Reached *** piety under Hepliaklqana
  7187 | D:8      | Reached XP level 11. HP: 73/74 MP: 18/18
  7376 | D:8      | Reached skill level 5 in Invocations
  7753 | D:9      | Found a sparkling altar of Nemelex Xobeh.
  8190 | D:9      | Noticed Erolcha
  8202 | D:9      | Killed Erolcha
  8203 | D:9      | Reached skill level 12 in Hexes
  8496 | D:9      | Found an ancient bone altar of Kikubaaqudgha.
  8745 | D:10     | Entered Level 10 of the Dungeon
  8745 | D:10     | Noticed a two-headed ogre
  8748 | D:10     | Killed a two-headed ogre
  8749 | D:10     | Reached skill level 10 in Ranged Weapons
  8875 | D:10     | Found Lois's Distillery.
  9256 | D:10     | Found a staircase to the Orcish Mines.
  9450 | D:11     | Noticed a two-headed ogre
  9667 | D:11     | Killed a two-headed ogre
  9763 | D:11     | Reached XP level 12. HP: 82/82 MP: 13/19
  9834 | D:11     | Found an iron altar of Okawaru.
  9962 | D:11     | Reached **** piety under Hepliaklqana
 10018 | D:11     | Reached skill level 13 in Hexes
 10078 | D:11     | Noticed a two-headed ogre
 10099 | D:11     | Killed a two-headed ogre
 10379 | D:11     | Found a staircase to the Lair.
 10425 | D:11     | Found a portal to a secret trove of treasure.
 11476 | D:13     | Noticed a vault guard
 11476 | D:13     | Noticed a vault guard
 11483 | D:13     | Noticed a vault guard
 11487 | D:13     | Killed a vault guard
 11489 | D:13     | Killed a vault guard
 11489 | D:13     | Noticed a vault guard
 11493 | D:13     | Killed a vault guard
 11495 | D:13     | Noticed a vault guard
 11507 | D:13     | Noticed a vault guard
 11533 | D:12     | Killed a vault guard
 11687 | D:12     | Killed a vault guard
 11688 | D:12     | Reached skill level 14 in Hexes
 11828 | D:13     | Killed a vault guard
 11829 | D:13     | Reached XP level 13. HP: 90/90 MP: 6/20
 11934 | D:13     | Found a gate to the Vaults.
 11934 | D:13     | Noticed Frances
 11936 | D:13     | Noticed a vault guard
 11947 | D:13     | Killed a vault guard
 11949 | D:13     | Killed Frances
 12047 | D:13     | Noticed a vault guard
 12056 | D:13     | Killed a vault guard
 12218 | D:13     | Found Hudo's Weapon Emporium.
 12241 | D:13     | Reached ***** piety under Hepliaklqana
 12326 | D:13     | Noticed Rupert
 12338 | D:13     | Killed Rupert
 12893 | D:13     | Noticed Jorgrun
 12914 | D:13     | Killed Jorgrun
 12915 | D:13     | Reached skill level 10 in Invocations
 13122 | D:14     | Noticed a centaur warrior
 13133 | D:14     | Killed a centaur warrior
 13134 | D:14     | Reached skill level 15 in Hexes
 13179 | D:14     | Learned a level 4 spell: Anguish
 13268 | D:14     | Noticed an eight-headed hydra
 13274 | D:14     | Noticed a rakshasa
 13279 | D:14     | Killed an eight-headed hydra
 13279 | D:14     | Killed a rakshasa
 13280 | D:14     | Reached skill level 5 in Dodging
 13388 | D:14     | Identified the +0 plate armour of Mublia {rF+ Str+3 Int+5
                  | Dex-4}
 13679 | D:15     | Entered Level 15 of the Dungeon
 13751 | D:15     | Noticed a centaur warrior
 13759 | D:15     | Killed a centaur warrior
 13766 | D:15     | Reached XP level 14. HP: 92/98 MP: 16/21
 13926 | D:15     | Found an opulent altar of Gozag.
 13959 | D:15     | Reached skill level 10 in Fighting
 14349 | D:15     | Noticed Louise
 14421 | D:15     | Killed Louise
 15113 | D:15     | Killed from afar by a fire dragon

Illustrated notes

Levels and vault maps discovered:
D:1:      roderic_chinese_lattice_arrival, layout_basic,
          hellmonk_ecumenical_altar_arch_garden
D:2:      layout_basic
D:3:      layout_basic, lemuel_crystal_altar, grunt_decor_resistance,
          grunt_ministairs_7
D:4:      layout_cave_pools, amethyst_overflow_temple_binary, kennysheep_mini,
          minmay_temple_entry_tees, portal_sewer_entry_e
D:5:      layout_loops_corners, mainiacjoe_overflow_tiny_flanked,
          uniq_crazy_yiuf_cottage, uniq_ijyb, uniq_pikel
D:6:      layout_rooms, lightli_corner_chamber
D:7:      layout_cave_pools, nzn_wu_jian_council_hall, serial_gnoll_camp,
          gnoll_camp_medium_01, gnoll_camp_mini_sergeant, gnoll_camp_mini_hut,
          gnoll_camp_huts_moat, hangedman_decor_growths, minmay_misc_feat_cross,
          nicolae_elemental_shop, uniq_maggie
D:8:      layout_loops_cross, slow_altar_1
D:9:      layout_loops_cross, nemelex_diamond_rough_becter,
          kiku_gazebo_pond_becter, minmay_orc_keep, uniq_erolcha
D:10:     layout_roguey, david_orc_5, serial_shops, shop, palyth_stone_intersect
D:11:     layout_loops_ring, lair_entry_dummy, enter_trove_2,
          okawaru_ov_weapons_minmay
D:12:     layout_irregular_city
D:13:     layout_grid_maze, erik_vaults_2, serial_shops,
          nicolae_shop_tiny_real_fake_doors, minmay_misc_feat_rugged,
          uniq_jorgrun, uniq_frances, uniq_rupert
D:14:     layout_rooms, chequers_serial_rivers_micro_a
D:15:     grunt_enter_depths_hoard, layout_stronghold,
          chequers_serial_rivers_micro_b, grunt_gozag_statues, uniq_louise
Temple:   nicolae_temple_figure_eight

Skill      XL: |  1  2  3  4  5  6  7  8  9 10 11 12 13 14 |
---------------+-------------------------------------------+-----
Hexes          | 4 5 7 8 9 11 12 14 15 | 15.5
Ranged Weapons | 3 4 5 6 7 9 10 11 12 13 | 13.5
Fighting       | 2 3 4 5 6 7 8 9 10 | 10.4
Spellcasting   | 2 3 4 5 |  5.0
Invocations    | 2 4 6 8 10 11 | 11.7
Translocations | 2 |  2.0
Dodging        | 2 4 5 6 |  6.1
Fire Magic     | |  1.0

Action                     |  1- 3 |  4- 6 |  7- 9 | 10-12 | 13-15 || total
---------------------------+-------+-------+-------+-------+-------++-------
  Melee: Short sword       |       |       |     1 |       |       ||     1
   Fire: Sling             |    94 |   121 |   263 |   374 |       ||   852
         Orcbow            |       |       |       |   325 |   349 ||   674
         Shortbow          |       |       |       |    25 |       ||    25
  Throw: Dart              |       |       |     1 |     5 |     4 ||    10
         Throwing net      |       |       |       |     1 |     2 ||     3
   Cast: Jinxbite          |       |     8 |    13 |     5 |     2 ||    28
         Sigil of Binding  |       |     1 |     3 |     4 |     2 ||    10
         Inner Flame       |       |       |     3 |    53 |    27 ||    83
         Cause Fear        |       |       |     2 |     9 |     4 ||    15
         Dimensional Bulls |       |       |       |     5 |     4 ||     9
         Anguish           |       |       |       |       |     2 ||     2
 Invoke: Ancestor Identity |       |       |     1 |       |       ||     1
         Recall Ancestor   |       |       |     1 |       |       ||     1
         Ancestor Life: Kn |       |       |     1 |       |       ||     1
         Transference      |       |       |       |       |     2 ||     2
         Idealise          |       |       |       |       |     3 ||     3
Ability: Dig               |       |       |     1 |       |     1 ||     2
  Evoke: Wand              |       |       |       |     2 |     2 ||     4
    Use: Scroll            |       |       |       |    12 |     1 ||    13
         Potion            |       |       |       |     1 |     2 ||     3
 Armour: Robe              |    22 |    51 |   145 |   176 |   128 ||   522
  Dodge: Dodged            |    28 |    63 |   133 |   128 |    92 ||   444
